 Dungeon Crawl Stone Soup version 0.17.2-1-ge4368a0 (console) character file.

205 Goblin1989 the Insei (level 5, 0/33 HPs)
             Began as an Octopode Transmuter on Nov 5, 2016.
             Slain by a gnoll (3 damage)
             ... on level 3 of the Dungeon.
             The game lasted 00:11:08 (3133 turns).

Goblin1989 the Insei (Octopode Transmuter)          Turns: 3133, Time: 00:11:08

Health: 0/33       AC:  2    Str: 10    XL:     5   Next: 83%
Magic:  3/8        EV: 20    Int: 16    God:
Gold:   91         SH:  0    Dex: 17    Spells: 3 memorised, 2 levels left

rFire  . . .     SeeInvis .       - Unarmed
rCold  + . .     Clarity  .     (shield currently unavailable)
rNeg   . . .     SustAt   .     (helmet currently unavailable)
rPois  x         Gourm    .     (no amulet)
rElec  .         Spirit   .     k - ring of wizardry
rCorr  .         Warding  .     c - ring of protection from cold
rMut   .         Stasis   .     (no ring)
MR     .....                    (no ring)
Stlth  ++........               (no ring)
                                (no ring)
                                (no ring)
                                (no ring)

@: spider-form (expiring), not resistant to hostile enchantments, unstealthy
A: almost no armour, amphibious, 8 rings, (constrict 8), (camouflage 0),
(gelatinous body 0)
a: End Transformation


You were on level 3 of the Dungeon.
You were not hungry.
You were a venomous arachnid creature.
You visited 1 branch of the dungeon, and saw 3 of its levels.

You collected 91 gold pieces.

Inventory:

Missiles
 a - 12 arrows
Jewellery
 c - a ring of protection from cold (right front leg)
 k - a ring of wizardry (left front leg)
 n - a cursed -3 ring of dexterity {unknown}
Scrolls
 e - 6 scrolls of remove curse {unknown}
 f - a scroll of immolation {unknown}
 g - a scroll of recharging {unknown}
 h - 2 scrolls of teleportation {unknown}
 o - a scroll of enchant armour {unknown}
 q - 2 scrolls of identify {unknown}
Potions
 l - a potion of degeneration {unknown}
 p - a potion of mutation {unknown}
Books
 b - a book of Changes

   Spells                             Type                      Level
   a - Beastly Appendage              Transmutation                1
   b - Sticks to Snakes               Transmutation                2
   c - Spider Form                    Transmutation/Poison         3
   d - Ice Form                       Ice/Transmutation            4
   e - Blade Hands                    Transmutation                5
Comestibles
 d - a royal jelly
 i - 2 slices of pizza
 j - 2 bread rations {@e1}
 m - a chunk of flesh {@w0}


   Skills:
 + Level 1.5 Fighting
 + Level 2.1 Dodging
 * Level 4.5 Unarmed Combat
 - Level 2.0 Spellcasting
 + Level 4.4 Transmutations


You had 2 spell levels left.
You knew the following spells:

 Your Spells              Type           Power        Failure   Level  Hunger
a - Beastly Appendage     Trmt           ###...       6%          1    #......
b - Sticks to Snakes      Trmt           ###.......   9%          2    ###....
c - Spider Form           Trmt/Pois      #.........   22%         3    ###....


Dungeon Overview and Level Annotations

Branches:
Dungeon (3/15)

Altars:


Innate Abilities, Weirdness & Mutations

You cannot wear most types of armour.
You are amphibious.
You can wear up to eight rings at the same time.
((You can use your tentacles to constrict eight enemies at once.))
((Your skin changes colour to match your surroundings (Stealth).))
((Your rubbery body absorbs attacks (AC +1).))


Message History

You tentacle-slap the gnoll. You grab the gnoll.
The gnoll is severely wounded.
You constrict the gnoll, but do no damage.
The gnoll misses you.
You release your grip on the gnoll.
You kill the gnoll!
Casting: Spider Form
Confirm with . or Enter, or press ? or * to list all spells.
You turn into a venomous arachnid creature.
The gnoll hits you!
* * * LOW HITPOINT WARNING * * *
You take 7 damage, and have 3/33 hp.
MASSIVE DAMAGE!!
You now have 2/8 mp.
You hit the gnoll.
The gnoll is poisoned.
The gnoll is moderately wounded.
Unknown command.
Your transformation is almost over.
You barely miss the gnoll.
The gnoll is heavily wounded.
The gnoll hits you.
You die...

....█.██.█████.███.███.█████.
███.█.██.██████...██ █.█
██(...........█████ █.█ ██
██..█.██.████.█ █.██.█
..........███.██ █████.█.█.█.█
...)..██.......█ █[.†........█
....███...███..███.█.█.█████.█
███.███.█...........███.█ █
██............sg.█.█.██
██..█.████..███.██>██ █..█
█..█ █.██.█ ██..█ █..█ █.██.█
█ ██.█.█ █..█ █.██.█ ███....█
█..█ █.██.█ ...█████
█.█..███.██.████ ....█
█..............g
.............██.██..█.████


You could see a gnoll.

Vanquished Creatures
  An ogre (D:3)
  3 adders
  3 gnolls (D:3)
  3 oozes
  A worm (D:2)
  A giant gecko (D:2)
  An orc (D:3)
  2 ball pythons
  A giant cockroach (D:1)
  7 goblins
  9 hobgoblins
  3 jackals (D:3)
  5 kobolds
  5 bats
  2 giant newts
  9 rats
56 creatures vanquished.

Notes
Turn   | Place    | Note
--------------------------------------------------------------
     0 | D:1      | Goblin1989 the Octopode Transmuter began the quest for the Orb.
     0 | D:1      | Reached XP level 1. HP: 13/13 MP: 3/3
   384 | D:1      | Reached XP level 2. HP: 16/18 MP: 5/5
   625 | D:1      | You fall through a shaft!
  1042 | D:2      | Reached XP level 3. HP: 19/23 MP: 4/6
  1193 | D:2      | Learned a level 2 spell: Sticks to Snakes
  1726 | D:2      | Learned a level 3 spell: Spider Form
  1872 | D:2      | Reached skill level 4 in Transmutations
  2132 | D:1      | Reached XP level 4. HP: 28/28 MP: 7/7
  2480 | D:1      | You fall through a shaft!
  2860 | D:3      | Noticed an ogre
  2870 | D:3      | Killed an ogre
  2870 | D:3      | Reached XP level 5. HP: 33/33 MP: 5/8
  3133 | D:3      | Slain by a gnoll

Action                   |  1- 3 |  4- 6 || total
-------------------------+-------+-------++-------
Melee: Unarmed           |    68 |    52 ||   120
 Cast: Beastly Appendage |    10 |       ||    10
       Spider Form       |     6 |    15 ||    21
 Stab: Sleeping          |     4 |     3 ||     7
       Distracted        |       |     1 ||     1
  Eat: Chunk             |     5 |     5 ||    10

Vault maps used:
D:1:      dpeg_arrival_rooms_b
